TOP OF THE 1ST |
Mississippi Braves batting - Pitching for Tennessee Smokies : RHP Mark Duffy
|
Pitching: RHP Mark Duffy
|
|
Batting: RHB Hieronim Rutkowski
|
0-0: Ball 1-0: Foul Ball, location: 2F 1-1: Ball 2-1: Foul Ball, location: 2F 2-2: Fly out, F7 (Flyball, 7D, EV 104.4 MPH)
|
Batting: LHB Luis Cruz
|
0-0: Ground out 2-3 (Groundball, 2L, EV 66.9 MPH)
|
Batting: RHB Erik Coleman
|
0-0: Ball 1-0: Ball 2-0: Called Strike 2-1: Called Strike 2-2: Fly out, F7 (Flyball, 7, EV 90.6 MPH)
|
Top of the 1st over - 0 runs, 0 hits, 0 errors, 0 left on base; Mississippi 0 - Tennessee 0 |
BOTTOM OF THE 1ST |
Tennessee Smokies batting - Pitching for Mississippi Braves : RHP Andy Kiefer
|
Pitching: RHP Andy Kiefer
|
|
Batting: RHB Eric Wiss
|
0-0: Called Strike 0-1: Foul Ball, location: 2F 0-2: Ball 1-2: Ball 2-2: Ball 3-2: Foul Ball, location: 2F 3-2: Strikes out swinging
|
Batting: RHB Khalil Stephens
|
0-0: Called Strike 0-1: Fly out, F5 (Line Drive, 5, EV 69.4 MPH)
|
Batting: RHB Brad Santanello
|
0-0: SINGLE (Groundball, 6MD, EV 103.1 MPH)
|
Batting: LHB Angel Oropeza
|
0-0: Ball Balk! Brad Santanello to second 1-0: Fly out, F9 (Flyball, 9D, EV 75.6 MPH)
|
Bottom of the 1st over - 0 runs, 1 hit, 0 errors, 1 left on base; Mississippi 0 - Tennessee 0 |
TOP OF THE 2ND |
Mississippi Braves batting - Pitching for Tennessee Smokies : RHP Mark Duffy
|
Batting: RHB Jose Ramos
|
0-0: Ground out 6-3 (Groundball, 6, EV 78.8 MPH)
|
Batting: LHB Art D'Ascenzo
|
0-0: Ball 1-0: Ball 2-0: Swinging Strike 2-1: Foul Ball, location: 2F 2-2: Foul Ball, location: 2F 2-2: Foul Ball, location: 2F 2-2: Fly out, F7 (Line Drive, 7D, EV 90.0 MPH)
|
Batting: SHB Jose Melendez
|
0-0: Foul Ball, location: 2F 0-1: Foul Ball, location: 2F 0-2: Ball 1-2: Ball 2-2: Ground out 1-3 (Groundball, 13S, EV 63.1 MPH)
|
Top of the 2nd over - 0 runs, 0 hits, 0 errors, 0 left on base; Mississippi 0 - Tennessee 0 |
BOTTOM OF THE 2ND |
Tennessee Smokies batting - Pitching for Mississippi Braves : RHP Andy Kiefer
|
Batting: RHB David Barnard
|
0-0: Ball 1-0: DOUBLE (Groundball, 5L, EV 102.5 MPH)
|
Batting: RHB Ryan Walker
|
0-0: Called Strike 0-1: SINGLE (Line Drive, 56, EV 95.0 MPH) David Barnard to third
|
Batting: RHB Sam Sours
|
0-0: Called Strike 0-1: Ball 1-1: Foul Ball, location: 2F 1-2: Fielders Choice at 2nd, 6-4 (Groundball, 6, EV 87.5 MPH) David Barnard scores
|
Batting: RHB Armando Vilano
|
0-0: Ball 1-0: Called Strike 1-1: Fielders Choice at 2nd, 6-4 (Groundball, 6, EV 91.9 MPH)
|
Batting: RHB Sung-hwan Jung
|
0-0: Foul Ball, location: 2F 0-1: Foul Ball, location: 2F 0-2: Fielders Choice at 2nd, U6 (Groundball, 6M, EV 108.1 MPH)
|
Bottom of the 2nd over - 1 run, 2 hits, 0 errors, 1 left on base; Mississippi 0 - Tennessee 1 |
TOP OF THE 3RD |
Mississippi Braves batting - Pitching for Tennessee Smokies : RHP Mark Duffy
|
Batting: RHB Yojiro Hayashi
|
0-0: Fly out, F7 (Line Drive, 7, EV 84.4 MPH)
|
Batting: RHB Jose Garate
|
0-0: Swinging Strike 0-1: Ball 1-1: Foul Ball, location: 2F 1-2: Ball 2-2: Foul Ball, location: 2F 2-2: Foul Ball, location: 2F 2-2: Foul Ball, location: 2F 2-2: Ball 3-2: SINGLE (Line Drive, 5D, EV 94.4 MPH)
|
Batting: RHB Alex Velasquez
|
0-0: Ball 1-0: Swinging Strike 1-1: Foul Ball, location: 2F 1-2: Ball 2-2: Foul Ball, location: 2F 2-2: Ball 3-2: Strikes out looking
|
Batting: RHB Hieronim Rutkowski
|
0-0: Foul Ball, location: 2F 0-1: Foul Ball, location: 2F 0-2: Ball 1-2: Ball 2-2: Strikes out looking
|
Top of the 3rd over - 0 runs, 1 hit, 0 errors, 1 left on base; Mississippi 0 - Tennessee 1 |
BOTTOM OF THE 3RD |
Tennessee Smokies batting - Pitching for Mississippi Braves : RHP Andy Kiefer
|
Batting: RHB Eric Wiss
|
0-0: Swinging Strike 0-1: Called Strike 0-2: Strikes out looking
|
Batting: RHB Khalil Stephens
|
0-0: Ball 1-0: Called Strike 1-1: Ball 2-1: Foul Ball, location: 2F 2-2: SINGLE (Flyball, 8RS, EV 101.2 MPH)
|
Batting: RHB Brad Santanello
|
0-0: Swinging Strike 0-1: Ball 1-1: Ball 2-1: Called Strike Khalil Stephens steals 2nd base 2-2: SINGLE (Groundball, 5D, EV 100.0 MPH) Khalil Stephens to third Runner from 3rd tries for Home, SAFE, throw by LF to home
|
Batting: LHB Angel Oropeza
|
0-0: Called Strike 0-1: SINGLE (Groundball, 34D, EV 101.9 MPH) Brad Santanello to second Runner from 2nd tries for 3rd, SAFE, throw by RF made to third
|
Batting: RHB David Barnard
|
0-0: Called Strike 0-1: Foul Ball, location: 2F 0-2: Foul Ball, location: 2F 0-2: Ball 1-2: Ball 2-2: Grounds into double play, 6-4-3 (Groundball, 6, EV 85.6 MPH)
|
Bottom of the 3rd over - 1 run, 3 hits, 0 errors, 1 left on base; Mississippi 0 - Tennessee 2 |
TOP OF THE 4TH |
Mississippi Braves batting - Pitching for Tennessee Smokies : RHP Mark Duffy
|
Batting: LHB Luis Cruz
|
0-0: Swinging Strike 0-1: Ball 1-1: Ball 2-1: Foul Ball, location: 2F 2-2: Strikes out swinging
|
Batting: RHB Erik Coleman
|
0-0: Ball 1-0: Ball 2-0: SINGLE (Groundball, 34D, EV 97.5 MPH)
|
Batting: RHB Jose Ramos
|
0-0: Ball Erik Coleman steals 2nd base 1-0: Called Strike Erik Coleman steals 3rd base 1-1: Ground out U3 (Groundball, 34S, EV 76.9 MPH) Erik Coleman scores
|
Batting: LHB Art D'Ascenzo
|
0-0: Ground out U3 (Groundball, 3, EV 89.4 MPH)
|
Top of the 4th over - 1 run, 1 hit, 0 errors, 0 left on base; Mississippi 1 - Tennessee 2 |
BOTTOM OF THE 4TH |
Tennessee Smokies batting - Pitching for Mississippi Braves : RHP Andy Kiefer
|
Batting: RHB Ryan Walker
|
0-0: Ball 1-0: Swinging Strike 1-1: Ball 2-1: Ball 3-1: Base on Balls
|
Batting: RHB Sam Sours
|
0-0: Ball 1-0: Ball 2-0: Ball 3-0: Base on Balls Ryan Walker to second
|
Batting: RHB Armando Vilano
|
0-0: Ball 1-0: Foul Ball, location: 2F 1-1: Ball 2-1: Foul Ball, location: 2F 2-2: Foul Ball, location: 2F 2-2: Strikes out swinging
|
Batting: RHB Sung-hwan Jung
|
0-0: Ball 1-0: Fly out, F9 (Flyball, 9, EV 92.5 MPH)
|
Batting: RHB Eric Wiss
|
0-0: Ball 1-0: Ball 2-0: Swinging Strike 2-1: Foul Ball, location: 2F 2-2: Strikes out swinging
|
Bottom of the 4th over - 0 runs, 0 hits, 0 errors, 2 left on base; Mississippi 1 - Tennessee 2 |
TOP OF THE 5TH |
Mississippi Braves batting - Pitching for Tennessee Smokies : RHP Mark Duffy
|
Batting: SHB Jose Melendez
|
0-0: Foul Ball, location: 2F 0-1: Ball 1-1: Ball 2-1: SINGLE (Line Drive, 6D, EV 101.9 MPH)
|
Batting: RHB Yojiro Hayashi
|
0-0: Foul Ball, location: 2F 0-1: Ball 1-1: Called Strike 1-2: Strikes out looking
|
Batting: RHB Jose Garate
|
0-0: Called Strike 0-1: Ball Jose Melendez steals 2nd base 1-1: Called Strike 1-2: Ball 2-2: Foul Ball, location: 2F 2-2: Ball 3-2: Fly out, F8 (Flyball, 8RXD, EV 92.5 MPH) Runner from 2nd tags up, SAFE at 3rd, no throw by CF
|
Batting: RHB Alex Velasquez
|
0-0: Foul Ball, location: 2F 0-1: Ball 1-1: Called Strike 1-2: Ball 2-2: Strikes out swinging
|
Top of the 5th over - 0 runs, 1 hit, 0 errors, 1 left on base; Mississippi 1 - Tennessee 2 |
BOTTOM OF THE 5TH |
Tennessee Smokies batting - Pitching for Mississippi Braves : RHP Andy Kiefer
|
Batting: RHB Khalil Stephens
|
0-0: Called Strike 0-1: Ball 1-1: Swinging Strike 1-2: SINGLE (Line Drive, 7S, EV 88.8 MPH)
|
Batting: RHB Brad Santanello
|
0-0: Swinging Strike 0-1: SINGLE (Groundball, 56D, EV 101.9 MPH) Khalil Stephens to second Khalil Stephens to third
|
Batting: LHB Angel Oropeza
|
0-0: Ball 1-0: Swinging Strike 1-1: SINGLE (Line Drive, 4D, EV 96.9 MPH) Khalil Stephens scores Brad Santanello to second Runner from 2nd tries for 3rd, SAFE, throw by CF made to third
|
Batting: RHB David Barnard
|
0-0: SINGLE (Groundball, 56D, EV 105.0 MPH) Brad Santanello scores Angel Oropeza to second
|
Batting: RHB Ryan Walker
|
0-0: Foul Ball, location: 2F 0-1: Called Strike 0-2: Ball 1-2: SINGLE (Line Drive, 89S, EV 107.5 MPH) Angel Oropeza to third David Barnard to second
|
Batting: RHB Sam Sours
|
0-0: Ball 1-0: Swinging Strike 1-1: Ball 2-1: Ball 3-1: Base on Balls Angel Oropeza scores David Barnard to third Ryan Walker to second
|
Pitching: RHP Thomas Crowner
|
|
Batting: RHB Armando Vilano
|
0-0: Ball 1-0: Swinging Strike 1-1: Ball 2-1: Swinging Strike 2-2: Strikes out swinging
|
Batting: RHB Sung-hwan Jung
|
0-0: Called Strike 0-1: Foul Ball, location: 2F 0-2: Strikes out swinging
|
Batting: RHB Eric Wiss
|
0-0: Ball 1-0: Foul Ball, location: 2F 1-1: Foul Ball, location: 2F 1-2: Ball 2-2: Ball 3-2: Ground out 5-3 (Groundball, 56, EV 105.0 MPH)
|
Bottom of the 5th over - 3 runs, 5 hits, 0 errors, 3 left on base; Mississippi 1 - Tennessee 5 |
TOP OF THE 6TH |
Mississippi Braves batting - Pitching for Tennessee Smokies : RHP Mark Duffy
|
Batting: RHB Hieronim Rutkowski
|
0-0: Called Strike 0-1: Foul Ball, location: 2F 0-2: Ball 1-2: Strikes out swinging
|
Batting: LHB Luis Cruz
|
0-0: Ball 1-0: Called Strike 1-1: Called Strike 1-2: Foul Ball, location: 2F 1-2: Ball 2-2: Strikes out swinging
|
Batting: RHB Erik Coleman
|
0-0: Called Strike 0-1: Swinging Strike 0-2: Ball 1-2: Ground out 6-3 (Groundball, 6, EV 77.5 MPH)
|
Top of the 6th over - 0 runs, 0 hits, 0 errors, 0 left on base; Mississippi 1 - Tennessee 5 |
BOTTOM OF THE 6TH |
Tennessee Smokies batting - Pitching for Mississippi Braves : RHP Thomas Crowner
|
Batting: RHB Khalil Stephens
|
0-0: Ball 1-0: Swinging Strike 1-1: Called Strike 1-2: Fly out, F7 (Line Drive, 7LM, EV 93.1 MPH)
|
Batting: RHB Brad Santanello
|
0-0: Called Strike 0-1: Ball 1-1: Swinging Strike 1-2: SINGLE (Groundball, 6D, EV 110.6 MPH)
|
Batting: LHB Angel Oropeza
|
0-0: Called Strike 0-1: Swinging Strike 0-2: Strikes out swinging
|
Batting: RHB David Barnard
|
0-0: Called Strike 0-1: Foul Ball, location: 2F 0-2: Ball 1-2: Ball 2-2: Foul Ball, location: 2F 2-2: Strikes out swinging
|
Bottom of the 6th over - 0 runs, 1 hit, 0 errors, 1 left on base; Mississippi 1 - Tennessee 5 |
TOP OF THE 7TH |
Mississippi Braves batting - Pitching for Tennessee Smokies : RHP Mark Duffy
|
Batting: RHB Jose Ramos
|
0-0: Ball 1-0: Foul Ball, location: 2F 1-1: Ball 2-1: Called Strike 2-2: SINGLE (Groundball, 25, EV 70.0 MPH) (infield hit)
|
Batting: LHB Art D'Ascenzo
|
0-0: Called Strike 0-1: Ball 1-1: Foul Ball, location: 2F 1-2: Fly out, F9 (Flyball, 9, EV 86.2 MPH)
|
Pitching: RHP Devin Ward
|
|
Batting: SHB Jose Melendez
|
0-0: Called Strike 0-1: Ball 1-1: Ball 2-1: Ball 3-1: Fielders Choice at 2nd, 3-6 (Groundball, 3, EV 83.1 MPH)
|
Batting: RHB Yojiro Hayashi
|
0-0: Ball 1-0: Foul Ball, location: 2F 1-1: Called Strike Jose Melendez is caught stealing 2nd base 2-4
|
Top of the 7th over - 0 runs, 1 hit, 0 errors, 0 left on base; Mississippi 1 - Tennessee 5 |
BOTTOM OF THE 7TH |
Tennessee Smokies batting - Pitching for Mississippi Braves : RHP Thomas Crowner
|
Batting: RHB Ryan Walker
|
0-0: Ball 1-0: Ball 2-0: Ground out 4-3 (Groundball, 34, EV 105.0 MPH)
|
Batting: RHB Sam Sours
|
0-0: Foul Ball, location: 2F 0-1: Ball 1-1: Fly out, F3 (Popup, 34, EV 65.0 MPH)
|
Batting: RHB Armando Vilano
|
0-0: Called Strike 0-1: SINGLE (Flyball, 8RS, EV 96.9 MPH)
|
Batting: RHB Sung-hwan Jung
|
0-0: Ball 1-0: Called Strike 1-1: Foul Ball, location: 2F 1-2: Ball 2-2: Foul Ball, location: 2F 2-2: Foul Ball, location: 2F 2-2: Ball 3-2: Strikes out swinging
|
Bottom of the 7th over - 0 runs, 1 hit, 0 errors, 1 left on base; Mississippi 1 - Tennessee 5 |
TOP OF THE 8TH |
Mississippi Braves batting - Pitching for Tennessee Smokies : RHP Devin Ward
|
Batting: RHB Yojiro Hayashi
|
0-0: Called Strike 0-1: Swinging Strike 0-2: Foul Ball, location: 2F 0-2: Ball 1-2: Ball 2-2: Strikes out looking
|
Batting: RHB Jose Garate
|
0-0: Ball 1-0: Called Strike 1-1: Swinging Strike 1-2: Ball 2-2: Strikes out swinging
|
Batting: RHB Alex Velasquez
|
0-0: SINGLE (Line Drive, 3L, EV 105.6 MPH)
|
Batting: RHB Hieronim Rutkowski
|
0-0: Foul Ball, location: 2F 0-1: Foul Ball, location: 2F 0-2: Fielders Choice at 2nd, 6-4 (Groundball, 6, EV 81.9 MPH)
|
Top of the 8th over - 0 runs, 1 hit, 0 errors, 1 left on base; Mississippi 1 - Tennessee 5 |
BOTTOM OF THE 8TH |
Tennessee Smokies batting - Pitching for Mississippi Braves : RHP Thomas Crowner
|
Pitching: RHP Alfredo Leiva
|
|
Batting: RHB Eric Wiss
|
0-0: Foul Ball, location: 2F 0-1: Ball 1-1: Ground out 5-3 (Groundball, 56S, EV 90.0 MPH)
|
Batting: RHB Khalil Stephens
|
0-0: Ball 1-0: Called Strike 1-1: Ball 2-1: SINGLE (Line Drive, 7S, EV 110.0 MPH)
|
Batting: RHB Brad Santanello
|
0-0: Called Strike Khalil Stephens steals 2nd base 0-1: Swinging Strike 0-2: Ball 1-2: Ball 2-2: Strikes out swinging
|
Batting: LHB Angel Oropeza
|
0-0: Intentional Walk
|
Batting: RHB David Barnard
|
0-0: Ball 1-0: Ball 2-0: SINGLE (Groundball, 4MD, EV 107.5 MPH) Khalil Stephens to third Angel Oropeza to second Runner from 3rd tries for Home, SAFE, throw by CF to home
|
Batting: RHB Ryan Walker
|
0-0: Ball 1-0: Swinging Strike 1-1: Ball 2-1: Called Strike 2-2: Ball 3-2: Ground out 4-3 (Groundball, 4, EV 84.4 MPH)
|
Bottom of the 8th over - 1 run, 2 hits, 0 errors, 2 left on base; Mississippi 1 - Tennessee 6 |
TOP OF THE 9TH |
Mississippi Braves batting - Pitching for Tennessee Smokies : RHP Devin Ward
|
Batting: LHB Luis Cruz
|
0-0: Ball 1-0: Ball 2-0: Ball 3-0: Called Strike 3-1: SINGLE (Line Drive, 6MD, EV 106.9 MPH)
|
Batting: RHB Erik Coleman
|
0-0: Called Strike 0-1: Ball 1-1: Fly out, F7 (Flyball, 7, EV 91.2 MPH)
|
Batting: RHB Jose Ramos
|
0-0: Ball 1-0: Called Strike 1-1: Ball 2-1: Swinging Strike 2-2: DOUBLE (Flyball, 7LD, EV 101.2 MPH) Luis Cruz to third
|
Batting: LHB Art D'Ascenzo
|
0-0: Ground out 4-3 (Groundball, 34, EV 91.9 MPH) Luis Cruz scores Jose Ramos to third
|
Batting: SHB Jose Melendez
|
0-0: Ball 1-0: Ball 2-0: Ball 3-0: Called Strike 3-1: Foul Ball, location: 2F 3-2: Strikes out swinging
|
Top of the 9th over - 1 run, 2 hits, 0 errors, 1 left on base; Mississippi 2 - Tennessee 6 |
|